 Dungeon Crawl Stone Soup version 0.28-a0-1038-g9c4cb8273d (webtiles) character file.

Game seed: 14662928076282590148

204 ytrimaz the Insei (level 5, -1/35 HPs)
             Began as an Octopode Transmuter on Dec 8, 2021.
             Slain by Grinder (5 damage)
             ... while paralysed by Grinder
             ... on level 3 of the Dungeon.
             The game lasted 00:02:41 (2269 turns).

ytrimaz the Insei (Octopode Transmuter)             Turns: 2269, Time: 00:02:41

Health: -1/35      AC:  1    Str:  7 (9)  XL:     5   Next: 82%
Magic:  0/8        EV:  2    Int: 17      God:
Gold:   72         SH:  0    Dex: 13      Spells: 5/9 levels left

rFire   . . .      SeeInvis .     - Unarmed
rCold   . . .      Faith    .   (no shield)
rNeg    . . .      Spirit   +   (helmet restricted)
rPois   .          Reflect  .   b - amulet of guardian spirit
rElec   .          Harm     .   (no ring)
rCorr   .          Rampage  .   (no ring)
Will    .....                   (no ring)
Stlth   ++........              (no ring)
HPRegen 0.11/turn               (no ring)
MPRegen 0.11/turn               (no ring)
                                (no ring)
                                (no ring)

@: paralysed
A: almost no armour, amphibious, 8 rings, camouflage 1, gelatinous body 1,
(nimble swimmer 1), tentacles, deterioration 1, wild magic 1
a: no special abilities


You were on level 3 of the Dungeon.
You visited 1 branch of the dungeon, and saw 3 of its levels.

You collected 72 gold pieces.

Inventory:

Jewellery
 b - an amulet of guardian spirit (around mantle)
Potions
 a - a potion of flight {unknown}
 d - a potion of heal wounds
 f - a potion of haste {unknown}


   Skills:
 * Level 2.6 Fighting
 - Level 2.0 Dodging
 + Level 5.0 Unarmed Combat
 + Level 2.6 Spellcasting
 + Level 2.4 Transmutations
 + Level 0.7 Poison Magic


You had 5 spell levels left.
You knew the following spells:

 Your Spells              Type           Power      Damage    Failure   Level
a - Beastly Appendage     Tmut           26%        N/A       11%         1
b - Spider Form           Tmut/Pois      10%        N/A       36%         3

Your spell library contained the following spells:

 Spells                   Type           Power      Damage    Failure   Level
 Wereblood                Tmut           13%        N/A       14%         2
 Animate Skeleton         Necr           4%         N/A       26%         1
 Apportation              Tloc           4%         N/A       26%         1
 Summon Small Mammal      Summ           8%         N/A       26%         1
 Ozocubu's Armour         Ice            2%         N/A       58%         3
 Ice Form                 Ice/Tmut       8%         N/A       80%         4
 Metabolic Englaciation   Hex/Ice        1%         N/A       99%         5
 Simulacrum               Ice/Necr       1%         N/A       100%        6


Dungeon Overview and Level Annotations

Branches:
Dungeon (3/15)

Altars:

Annotations:
D:3 Grinder


Innate Abilities, Weirdness & Mutations

You cannot wear most types of armour.
You are amphibious.
You can wear up to eight rings at the same time.
Your skin changes colour to match your surroundings (Stealth+).
Your rubbery body absorbs attacks. (AC +1, EV +1)
((You are camouflaged near water. (Stealth+)))
You have tentacles for arms and can constrict up to eight enemies at once.
Your body sometimes deteriorates upon taking damage.
Your spells are a little harder to cast, but a little more powerful.


Message History

You kill the kobold!
Grinder blinks!
Found 20 stones.
Things that are here:
a +0 whip; a kobold corpse Unknown command.
You bite Grinder!
Grinder is moderately wounded.
Grinder closely misses you.
You hit Grinder.
Grinder is moderately wounded.
Grinder closely misses you.
You hit Grinder.
Grinder is moderately wounded.
Your transformation has ended.
Grinder hits you.
You writhe in agony.
You tentacle-slap Grinder but do no damage.
Your grab misses Grinder. Your squeeze misses Grinder.
Grinder is moderately wounded.
Grinder hits you.
Your body deteriorates!
You feel weakened.
You barely miss Grinder. Your grab misses Grinder.
Grinder is moderately wounded.
Grinder barely misses you.
You tentacle-slap Grinder but do no damage.
You grab Grinder.
Grinder is moderately wounded.
You constrict Grinder. Grinder gestures at you.
You suddenly lose the ability to move!
You lose your grip on Grinder.
Grinder gestures at you. Pain shoots through your body!
Your body deteriorates!
You feel weakened. Grinder hits you.
You writhe in agony.
Grinder hits you!
* * * LOW HITPOINT WARNING * * *
Grinder hits you.
* * * LOW HITPOINT WARNING * * *
You writhe in agony.
You die...

#.# ... .. #.# .#
#.# .# #.# .# #
#.# .# #.##
#######<##.#.(...
........#.5....#
######.).@#....#
#.........#
#....#....#
#...####.##
...... .# ###....
. #..### # #..
#..


You could see Grinder.

Vanquished Creatures
  Sigmund (D:2)
  An adder (D:2)
  7 endoplasms
  A giant cockroach (D:1)
  4 goblins
  A hobgoblin (D:2)
  3 jackals (D:1)
  2 quokkas (D:1)
  5 ball pythons
  A bat (D:1)
  A frilled lizard (D:2)
  3 kobolds
  A rat (D:1)
31 creatures vanquished.

Notes
Turn   | Place    | Note
-------+----------+-------------------------------------------
     0 | D:1      | ytrimaz the Octopode Transmuter began the quest for the
                  | Orb.
     0 | D:1      | Reached XP level 1. HP: 13/13 MP: 3/3
   179 | D:1      | Reached XP level 2. HP: 11/18 MP: 5/5
  1298 | D:2      | Noticed Sigmund
  1309 | D:2      | Killed Sigmund
  1310 | D:2      | Reached skill level 4 in Unarmed Combat
  1310 | D:2      | Reached XP level 3. HP: 25/25 MP: 4/6
  1310 | D:2      | Reached XP level 4. HP: 30/30 MP: 4/7
  1310 | D:2      | Reached XP level 5. HP: 35/35 MP: 4/8
  1400 | D:2      | Learned a level 3 spell: Spider Form
  1506 | D:2      | Reached skill level 5 in Unarmed Combat
  1591 | D:2      | Gained mutation: Your spells are a little harder to cast,
                  | but a little more powerful. [potion of mutation]
  1591 | D:2      | Gained mutation: Your body sometimes deteriorates upon
                  | taking damage. [potion of mutation]
  2246 | D:3      | Noticed Grinder
  2246 | D:3      | Paralysed by Grinder for 4 turns
  2265 | D:3      | Paralysed by Grinder for 7 turns
  2269 | D:3      | Slain by Grinder

Illustrated notes

Levels and vault maps discovered:
D:1:      minmay_arrival_stair_chambers, layout_loops_ring,
          nicolae_figureground_pulse
D:2:      layout_basic, uniq_sigmund
D:3:      layout_loops_ring, ebering_ecumenical_altar_mist, serial_shops,
          nicolae_shop_crystal, minmay_liquid_box, chequers_serial_rivers_marsh,
          chequers_serial_rivers_small_3, st_stairs_2,
          nicolae_elevator_lobby_plus, uniq_robin, uniq_jessica, uniq_grinder

Skill      XL: |  1  2  3  4  5 |
---------------+----------------+-----
Fighting       | 2 |  2.6
Unarmed Combat | 4 5 |  5.0
Dodging        | |  2.0
Spellcasting   | |  2.6
Transmutations | |  2.4
Poison Magic   | |  0.7

Action                   |  1- 3 |  4- 6 || total
-------------------------+-------+-------++-------
Melee: Unarmed           |    45 |    23 ||    68
       Tentacles         |     7 |     3 ||    10
       Constrict         |    10 |     5 ||    15
       Kick              |     2 |       ||     2
       Punch             |       |     2 ||     2
 Cast: Beastly Appendage |     2 |       ||     2
       Spider Form       |       |     3 ||     3
  Use: Scroll            |     6 |     2 ||     8
       Potion            |     1 |     1 ||     2
 Stab: Sleeping          |     7 |     2 ||     9
Armor: Skin              |     3 |     1 ||     4
Dodge: Dodged            |    26 |    16 ||    42

Table legend: (Time is in decaauts)
 A = Elapsed time spent in this place.
 B = Non-inter-level travel time spent in this place.
 C = Inter-level travel time spent in this place.
 D = Time resting spent in this place.
 E = Time spent auto-exploring this place.
 F = Levels seen in this place.
 G = Mean time per level.
                   A        B        C        D        E       F      G
               +--------+--------+--------+--------+--------+-----+--------+
         Total |   2264 |   2214 |     50 |    100 |   1837 |   3 |  754.7 |
       Dungeon |   2264 |   2214 |     50 |    100 |   1837 |   3 |  754.7 |
               +--------+--------+--------+--------+--------+-----+--------+

Top non-repeatable levels by time:
     D:1: 1287 daAuts
     D:2: 953 daAuts
     D:3: 23 daAuts
